 Dungeon Crawl Stone Soup version 0.30-b1-2-g02819fbbbe (webtiles) character file.

Game seed: 8686095478576586829

111 Fartwhistle the Skirmisher (level 4, 0/38 HPs)
             Began as a Gnoll Hunter on Sept 17, 2023.
             Killed from afar by an orc wizard (4 damage)
             ... with a magic dart
             ... on level 3 of the Dungeon.
             The game lasted 00:02:33 (1681 turns).

Fartwhistle the Skirmisher (Gnoll Hunter)           Turns: 1681, Time: 00:02:33

Health: 0/38       AC:  5    Str: 10    XL:     4   Next: 92%
Magic:  6/6        EV: 12    Int: 11    God:
Gold:   72         SH:  0    Dex: 15    Spells: 5/5 levels left

rFire   . . .        u - +0 falchion (holy)
rCold   . . .        (no shield)
rNeg    + . .        o - +0 ring mail
rPois   .            (no helmet)
rElec   .            (no cloak)
rCorr   .            (no gloves)
SInv    .            (no boots)
Will    .....        (no amulet) Stlth
                     h - ring of positive energy
HPRegen 0.26/turn    q - ring of flight
MPRegen 0.10/turn

%: no passive effects
@: confused, flying
A: fangs 1, strong nose, distributed training
a: no special abilities


You were on level 3 of the Dungeon.
You visited 1 branch of the dungeon, and saw 3 of its levels.

You collected 72 gold pieces.

Inventory:

Hand Weapons
 a - a +0 shortbow
 u - a +0 falchion of holy wrath (weapon)
Missiles
 r - 8 poisoned darts
Armour
 c - a +0 leather armour
 o - a +0 ring mail (worn)
Jewellery
 h - a ring of positive energy (left hand)
 q - a ring of flight (right hand)
Scrolls
 b - a scroll of immolation
 d - 3 scrolls of identify {unknown}
 e - 2 scrolls of blinking {unknown}
 f - a scroll of acquirement {unknown}
 k - a scroll of butterflies {unknown}
 n - 2 scrolls of teleportation {unknown}
 s - a scroll of silence {unknown}
Potions
 g - 2 potions of curing {unknown}
 i - a potion of flight {unknown}
 j - a potion of degeneration {unknown}
 l - a potion of lignification {unknown}
 m - a potion of invisibility {unknown}
 p - a potion of heal wounds {unknown}
 t - a potion of ambrosia {unknown}


   Skills:
 + Level 4.7 Fighting
 + Level 1.3 Short Blades
 + Level 1.3 Long Blades
 + Level 1.3 Axes
 + Level 1.3 Maces & Flails
 + Level 1.3 Polearms
 + Level 1.3 Staves
 + Level 8.6 Ranged Weapons
 + Level 1.3 Throwing
 + Level 1.3 Armour
 + Level 4.7 Dodging
 + Level 2.7 Stealth
 + Level 1.3 Shields
 + Level 1.3 Unarmed Combat
 + Level 1.3 Spellcasting
 + Level 1.1 Conjurations
 + Level 1.1 Hexes
 + Level 1.1 Summonings
 + Level 1.1 Necromancy
 + Level 1.1 Translocations
 + Level 1.1 Transmutations
 + Level 1.1 Fire Magic
 + Level 1.1 Ice Magic
 + Level 1.1 Air Magic
 + Level 1.1 Earth Magic
 + Level 1.1 Poison Magic
 + Level 1.5 Invocations
 + Level 1.3 Evocations


You had 5 spell levels left.
You didn't know any spells.
Your spell library was empty.

Dungeon Overview and Level Annotations

Branches:
Dungeon (3/15)

Altars:


Innate Abilities, Weirdness & Mutations

You have very sharp teeth.
Your uncanny sense of smell can sniff out nearby items.
Your experience applies equally to all skills.


Message History

The orc throws a boomerang.
The boomerang hits you.
You barely miss something. Your punch misses something. Something hits you.
The orc throws a boomerang.
The boomerang hits you. Something hits you but does no damage.
You closely miss something. You bite something.
Something hits you but does no damage.
You miss something. Your bite misses something. Something hits you.
The orc hits you from afar with a +0 trident.
You hit something. Your bite misses something.
The orc throws a boomerang.
The boomerang hits you.
You hear some strange, mumbled words.
Something tries to affect you, but you resist.
You hit something but do no damage. You bite something.
The orc throws a boomerang.
The boomerang closely misses you.
You hear some strange, mumbled words.
Something tries to affect you, but you resist.
You miss something. You bite something.
The orc hits you from afar with a +0 trident.
Something hits you.
* * * LOW HITPOINT WARNING * * *
The orc throws a boomerang.
The boomerang closely misses you. Something hits you.
* * * LOW HITPOINT WARNING * * *
You closely miss something. The orc closely misses you.
Something hits you but does no damage.
You hit something. Your bite misses something. The orc closely misses you.
You hear some strange, mumbled words.
You are confused.
You bump into the rock wall.
The orc hits you but does no damage. Something hits you but does no damage.
You bump into the rock wall.
The orc barely misses you.
You hear some strange, mumbled words.
A magic dart appears from out of thin air!
The magic dart hits you.
* * * LOW HITPOINT WARNING * * *
You closely miss something.
The orc throws a boomerang.
You hear some strange, mumbled words.
A magic dart appears from out of thin air!
The magic dart hits you.
You die...

#.......###..## #
####### #...## ∆ #
#.#..# ### #
...##.### ..+ ∆ #
..#..##...##.# # ##
#..####....# ## #.##
##.### #.
#.######.####### #.
.)#[).@{o......# #.
#.######.###.#######.
#.# #..# #.....#. ∆
#.# ##.##.#.###.##
####.######.....#.#
#...
#........##..####.#
####
#.##.....##.......# #
#........##...##### #
###......##.#...## #


You could see an orc.

Vanquished Creatures
  A gnoll (D:1)
  4 adders
  A worm (D:3)
  A dart slug (D:2)
  7 orcs (D:3)
  4 bats (D:1)
  4 endoplasms
  2 giant cockroaches
  2 goblins (D:2)
  5 hobgoblins
  2 jackals (D:3)
  2 quokkas
  2 ball pythons
  2 frilled lizards
  6 kobolds
  7 rats
52 creatures vanquished.

Notes
Turn   | Place    | Note
-------+----------+-------------------------------------------
     0 | D:1      | Fartwhistle the Gnoll Hunter began the quest for the Orb.
     0 | D:1      | Reached XP level 1. HP: 20/20 MP: 1/1
   141 | D:1      | Reached XP level 2. HP: 26/26 MP: 2/2
   376 | D:1      | Reached XP level 3. HP: 31/31 MP: 3/3
   850 | D:2      | Reached skill level 1 in Invocations
   904 | D:2      | Reached skill level 1 in Short Blades
   904 | D:2      | Reached skill level 1 in Long Blades
   904 | D:2      | Reached skill level 1 in Axes
   904 | D:2      | Reached skill level 1 in Maces & Flails
   904 | D:2      | Reached skill level 1 in Polearms
   904 | D:2      | Reached skill level 1 in Staves
   904 | D:2      | Reached skill level 1 in Throwing
   904 | D:2      | Reached skill level 1 in Armour
   904 | D:2      | Reached skill level 1 in Shields
   904 | D:2      | Reached skill level 1 in Unarmed Combat
   904 | D:2      | Reached skill level 1 in Spellcasting
   904 | D:2      | Reached skill level 1 in Evocations
   980 | D:2      | Reached XP level 4. HP: 34/38 MP: 5/5
  1322 | D:3      | Reached skill level 1 in Conjurations
  1322 | D:3      | Reached skill level 1 in Hexes
  1322 | D:3      | Reached skill level 1 in Summonings
  1322 | D:3      | Reached skill level 1 in Necromancy
  1322 | D:3      | Reached skill level 1 in Translocations
  1322 | D:3      | Reached skill level 1 in Transmutations
  1322 | D:3      | Reached skill level 1 in Fire Magic
  1322 | D:3      | Reached skill level 1 in Ice Magic
  1322 | D:3      | Reached skill level 1 in Air Magic
  1322 | D:3      | Reached skill level 1 in Earth Magic
  1322 | D:3      | Reached skill level 1 in Poison Magic
  1681 | D:3      | Killed from afar by an orc wizard

Illustrated notes

Levels and vault maps discovered:
D:1:      minmay_arrival_jagged, layout_basic
D:2:      layout_rooms
D:3:      minmay_evil_eye, layout_basic, kennysheep_generic_room_10

Skill      XL: |  1  2  3  4 |
---------------+-------------+-----
Invocations    | 1 |  1.5
Short Blades   | 1 |  1.3
Long Blades    | 1 |  1.3
Axes           | 1 |  1.3
Maces & Flails | 1 |  1.3
Polearms       | 1 |  1.3
Staves         | 1 |  1.3
Throwing       | 1 |  1.3
Armour         | 1 |  1.3
Shields        | 1 |  1.3
Unarmed Combat | 1 |  1.3
Spellcasting   | 1 |  1.3
Evocations     | 1 |  1.3
Conjurations   | 1 |  1.1
Hexes          | 1 |  1.1
Summonings     | 1 |  1.1
Necromancy     | 1 |  1.1
Translocations | 1 |  1.1
Transmutations | 1 |  1.1
Fire Magic     | 1 |  1.1
Ice Magic      | 1 |  1.1
Air Magic      | 1 |  1.1
Earth Magic    | 1 |  1.1
Poison Magic   | 1 |  1.1
Fighting       | |  4.7
Ranged Weapons | |  8.6
Dodging        | |  4.7
Stealth        | |  2.7

Action                     |  1- 3 |  4- 6 || total
---------------------------+-------+-------++-------
  Melee: Falchion          |       |     9 ||     9
         Bite              |       |     3 ||     3
   Fire: Shortbow          |    69 |    52 ||   121
 Armour: Leather armour    |     4 |       ||     4
         Ring mail         |     3 |    13 ||    16
  Dodge: Dodged            |    13 |    18 ||    31
